 Dungeon Crawl Stone Soup version 0.30-a0-341-g682706514a (webtiles) character file.

Game seed: 3558473730431055191

364 NinjaNoafa the Ducker (level 6, -6/47 HPs)
             Began as a Merfolk Gladiator on Nov 1, 2022.
             Was a Priest of Uskayaw.
             Mangled by an ogre
             ... wielding a +0 giant spiked club
              (26 damage)
             ... on level 4 of the Dungeon.
             The game lasted 00:06:42 (2961 turns).

NinjaNoafa the Ducker (Merfolk Gladiator)           Turns: 2961, Time: 00:06:43

Health: -6/47      AC:  8    Str: 20    XL:     6   Next: 67%
Magic:  7/8        EV: 14    Int:  8    God:    Uskayaw [***...]
Gold:   85         SH:  0    Dex: 17    Spells: 5/5 levels left

rFire   . . .      SeeInvis .    r - +9 dagger of Iwkeoz {speed, *Slow rElec rN+++}
rCold   + + .      Faith    .    (no shield)
rNeg    + + +      Spirit   .    y - +2 robe {rC+}
rPois   .          Reflect  .    c - +0 helmet
rElec   +          Harm     .    s - +2 cloak {Stlth+}
rCorr   .          Rampage  .    (no gloves)
Will    .....                    (no boots)
Stlth   ++++......               (no amulet)
HPRegen 0.27/turn                n - +6 ring of strength
MPRegen 0.11/turn                a - ring of protection from cold

@: no status effects
A: (nimble swimmer 2), mertail
a: Renounce Religion, Stomp, Line Pass


You were on level 4 of the Dungeon.
You worshipped Uskayaw.
Uskayaw was noncommittal.
You visited 1 branch of the dungeon, and saw 4 of its levels.

You collected 181 gold pieces.
You spent 96 gold pieces at shops.

Inventory:

Hand Weapons
 r - the +9 dagger of Iwkeoz (weapon) {speed, *Slow rElec rN+++}
   (You found it on level 2 of the Dungeon)

   Attacks with this weapon are significantly faster.
   rElec:     It insulates you from electricity.
   rN:        It renders you almost immune to negative energy.
   *Slow:     It may slow you when you take damage.
Missiles
 d - 3 throwing nets (quivered)
 f - 30 stones
 w - 5 boomerangs
 A - 4 poisoned darts
Armour
 c - a +0 helmet (worn)
 s - a +2 cloak of stealth (worn)
 y - a +2 robe of cold resistance (worn)
Jewellery
 a - a ring of protection from cold (right hand)
 n - a +6 ring of strength (left hand)
Wands
 v - a wand of acid (7)
Scrolls
 b - a scroll of fear {unknown}
 h - 4 scrolls of magic mapping {unknown}
 j - a scroll of blinking {unknown}
 k - a scroll of identify {unknown}
 m - 2 scrolls of noise {unknown}
 q - 2 scrolls of immolation {unknown}
 t - a scroll of fog {unknown}
 u - a scroll of poison {unknown}
Potions
 e - 2 potions of flight {unknown}
 g - a potion of brilliance {unknown}
 i - 3 potions of haste {unknown}
 o - a potion of resistance {unknown}
 p - 3 potions of curing {unknown}
 x - a potion of lignification {unknown}
 z - a potion of degeneration {unknown}
 B - a potion of attraction {unknown}


   Skills:
 - Level 3.0 Fighting
 - Level 5.0 Short Blades
 - Level 2.0 Throwing
 - Level 5.0 Dodging
 - Level 5.0 Stealth
 + Level 2.7 Invocations


You had 5 spell levels left.
You didn't know any spells.
Your spell library contained the following spells:

 Spells                   Type           Power      Damage    Failure   Level
 Blink                    Tloc           0%         N/A       54%         2
 Summon Guardian Golem    Hex/Summ       0%         N/A       78%         3
 Manifold Assault         Tloc           0%         N/A       99%         4
 Orb of Destruction       Conj           0%         9d5       100%        7
 Spellforged Servitor     Conj/Summ      0%         N/A       100%        7
 Storm Form               Tmut/Air       0%         N/A       100%        7


Dungeon Overview and Level Annotations

Branches:
Dungeon (4/15)
 Temple: D:4-7

Altars:
Qazlal
Uskayaw

Shops:
D:1 [   D:2 =   D:3 :(


Innate Abilities, Weirdness & Mutations

((You are very nimble when in or above water. (Stealth+, EV+, Speed+++)))
Your lower body shifts to a powerful aquatic tail in water.


Message History

The adder is severely wounded.
The adder bites you but does no damage.
You closely miss the adder.
The adder is severely wounded.
You puncture the adder!
You kill the adder!
The gnoll hits you but does no damage.
The gnoll hits you from afar with a +0 spear.
The gnoll misses you.
You hit the gnoll.
The gnoll is moderately wounded.
You hit the gnoll.
The gnoll is severely wounded.
The gnoll hits you from afar with a +0 spear.
The gnoll closely misses you.
Uskayaw will force your foes to helplessly watch your dance.
Uskayaw prepares the audience for your solo!
The helpless gnoll fails to defend itself.
You impale the gnoll!!
You kill the gnoll!
The gnoll is no longer paralysed.
The ogre is no longer paralysed.
The kobold is no longer paralysed.
The kobold misses you. The gnoll hits you with a +0 spear.
The ogre barely misses you.
You see here a +0 halberd.
You puncture the ogre!
The ogre is moderately wounded.
The kobold hits you with a +0 whip. The gnoll hits you with a +0 spear.
The kobold attacks as you move away! The kobold misses you.
The ogre attacks as you move away!
The ogre hits you with a +0 giant spiked club.
The gnoll hits you from afar with a +0 spear.
Uskayaw prepares the audience for your solo!
The helpless kobold fails to defend itself.
You stick the kobold like a pincushion!!!
You kill the kobold!
The ogre is no longer paralysed.
The gnoll is no longer paralysed.
The gnoll barely misses you.
The ogre hits you with a +0 giant spiked club!!
Ouch! That really hurt!
You die...

.#####..#
##.8.
........#
####....
#.....<.#
.........
.##.......##
#######.#..
..........
...# #.#_)
#.......#
##.###.#..
#.......#
##[..##....
#......†#####
#..........
####(..g@...#
#....##..8.
#.....O###.#
#.#.###....
#.##.### #.#
#....##....
.. ...# #.#
#....##.###
#. ##..# #.#
#....##.# #
#... #.#
#.#.###.#
#..# #.#
#.......#
..## #.#
###.#####
#.### #.#


You could see an ogre and a gnoll.

Vanquished Creatures
  A black bear (D:4)
  A hound (D:4)
  An orc priest (D:4)
  Crazy Yiuf (D:2)
  An iguana (D:4)
  An orc wizard (D:4)
  2 gnolls (D:4)
  4 adders
  A worm (D:3)
  2 dart slugs (D:1)
  6 orcs
  10 ball pythons
  5 endoplasms
  A giant cockroach (D:2)
  7 goblins
  5 hobgoblins
  3 quokkas
  9 bats
  3 frilled lizards
  8 kobolds
  4 rats
76 creatures vanquished.

Vanquished Creatures (others)
  3 plants (D:1)
3 creatures vanquished.

Grand Total: 79 creatures vanquished

Notes
Turn   | Place    | Note
-------+----------+-------------------------------------------
     0 | D:1      | NinjaNoafa the Merfolk Gladiator began the quest for the
                  | Orb.
     0 | D:1      | Reached XP level 1. HP: 16/16 MP: 1/1
   160 | D:1      | Reached XP level 2. HP: 21/22 MP: 2/2
   195 | D:1      | Reached skill level 1 in Stealth
   474 | D:1      | Reached XP level 3. HP: 23/27 MP: 3/3
   694 | D:1      | Found Ozowneaj's Antique Armour Emporium.
  1169 | D:2      | Found a runed translucent door.
  1170 | D:2      | Noticed Crazy Yiuf
  1211 | D:2      | Found Nohunk's Jewellery Shoppe.
  1461 | D:2      | Found a faded altar of an unknown god.
  1690 | D:2      | Identified the +9 dagger of Iwkeoz {speed, *Slow rElec
                  | rN+++}
  1936 | D:2      | Killed Crazy Yiuf
  1937 | D:2      | Reached skill level 5 in Dodging
  1937 | D:2      | Reached XP level 4. HP: 19/33 MP: 4/4
  2080 | D:3      | Found a stormy altar of Qazlal.
  2166 | D:3      | Found Nafust's Book Emporium.
  2353 | D:1      | Bought a runed robe for 96 gold pieces
  2456 | D:3      | Found Wej Etez's Weapon Emporium.
  2539 | D:3      | Reached skill level 5 in Short Blades
  2539 | D:3      | Reached XP level 5. HP: 32/38 MP: 5/5
  2832 | D:4      | Identified the +8 rapier "Legaxoix" {flame, rC- Will+ Str+8
                  | Dex-3}
  2841 | D:4      | Reached skill level 5 in Stealth
  2841 | D:4      | Reached XP level 6. HP: 46/46 MP: 6/6
  2841 | D:4      | Found a hide-covered altar of Uskayaw.
  2869 | D:4      | Noticed a black bear
  2872 | D:4      | Became a worshipper of Uskayaw the Reveller
  2877 | D:4      | Killed a black bear
  2877 | D:4      | Reached * piety under Uskayaw
  2949 | D:4      | Reached ** piety under Uskayaw
  2955 | D:4      | Reached *** piety under Uskayaw
  2961 | D:4      | Mangled by an ogre

Illustrated notes

Levels and vault maps discovered:
D:1:      amcnicky_arrival_wind_blow, layout_basic, serial_shops,
          nicolae_shop_overgrown_old_shop, serial_forest,
          infiniplex_forest_end_double, infiniplex_forest_zigzag_1,
          infiniplex_forest_fountain, infiniplex_forest_straight_4,
          infiniplex_forest_diagonal, infiniplex_forest_clump_C, minmay_tripent
D:2:      layout_loops_corners, serial_shops, nicolae_shop_advertising_works
          [nicolae_subvault_shop_adworks],
          hellmonk_ecumenical_altar_slurped_away, nicolae_underground_beach,
          uniq_crazy_yiuf_cottage
D:3:      layout_loops_ring, mainiacjoe_overflow_boulevard, serial_shops, shop,
          shop, minmay_misc_feat_nine_boxes
D:4:      layout_loops_ring, eat_drink_and_be_merry_uskayaw, uniq_edmund

Skill      XL: |  1  2  3  4  5  6 |
---------------+-------------------+-----
Stealth        | 1 2 3 5 |  5.0
Short Blades   | 4 5 |  5.0
Dodging        | 5 |  5.0
Fighting       | 3 |  3.0
Invocations    | 2 |  2.7
Throwing       | |  2.0

Action                   |  1- 3 |  4- 6 || total
-------------------------+-------+-------++-------
Melee: Rapier            |    13 |       ||    13
       Dagger            |    75 |    81 ||   156
       Punch             |     1 |       ||     1
Throw: Javelin           |    11 |     1 ||    12
       Boomerang         |       |     5 ||     5
 Stab: Sleeping          |     4 |     7 ||    11
       Paralysed         |       |     2 ||     2
Armor: Leather armour    |    22 |     4 ||    26
       Robe              |       |    14 ||    14
Dodge: Dodged            |    58 |    37 ||    95

Table legend: (Time is in decaauts)
 A = Elapsed time spent in this place.
 B = Non-inter-level travel time spent in this place.
 C = Inter-level travel time spent in this place.
 D = Time resting spent in this place.
 E = Time spent auto-exploring this place.
 F = Levels seen in this place.
 G = Mean time per level.
                   A        B        C        D        E       F      G
               +--------+--------+--------+--------+--------+-----+--------+
         Total |   2907 |   2633 |    274 |      0 |   2158 |   4 |  726.8 |
       Dungeon |   2907 |   2633 |    274 |      0 |   2158 |   4 |  726.8 |
               +--------+--------+--------+--------+--------+-----+--------+

Top non-repeatable levels by time:
     D:2: 1144 daAuts
     D:1: 1014 daAuts
     D:3: 574 daAuts
     D:4: 173 daAuts
